 Dungeon Crawl Stone Soup version 0.29.1-15-g9cfb28693d (webtiles) character file.

Game seed: 11327456671014679900

555 UCchamp the Shield-Bearer (level 7, 0/57 HPs)
             Began as a Meteoran Fighter on Mar 6, 2023.
             Slain by an ogre
             ... wielding a +0 giant club
              (14 damage)
             ... on level 5 of the Dungeon.
             The game lasted 00:18:26 (2473 turns).

UCchamp the Shield-Bearer (Meteoran Fighter)        Turns: 2473, Time: 00:18:27

Health: 0/57       AC: 15    Str: 18    XL:     7   Next: 86%
Magic:  8/8        EV:  4    Int: 10    God:
Gold:   82         SH: 15    Dex: 15    Spells: 6/6 levels left

rFire   . . .      SeeInvis .     - Unarmed
rCold   . . .      Faith    .   o - +0 tower shield
rNeg    . . .      Spirit   .   B - +0 chain mail
rPois   +          Reflect  .   (no helmet)
rElec   .          Harm     .   (no cloak)
rCorr   .          Rampage  .   b - +0 pair of gloves
Will    .....                   a - +0 pair of boots
Stlth   ..........              (no amulet)
HPRegen 0.19/turn               n - +4 ring of protection
MPRegen 0.11/turn               r - ring of poison resistance

@: glowing
A: sense surroundings 1, otherworldly, glowing, explore regen
a: no special abilities


You were on level 5 of the Dungeon.
You visited 1 branch of the dungeon, and saw 5 of its levels.
You also visited: Ossuary.

You collected 108 gold pieces.
You spent 26 gold pieces at shops.

Inventory:

Armour
 a - a +0 pair of boots (worn)
 b - a +0 pair of gloves (worn)
 o - a +0 tower shield (worn)
 B - a +0 chain mail (worn)
Jewellery
 j - a ring of willpower
 n - a +4 ring of protection (left hand)
 r - a ring of poison resistance (right hand)
Wands
 v - a wand of mindburst (8)
 z - a wand of flame (3)
 C - a wand of paralysis (9)
Scrolls
 d - 11 scrolls of identify
 e - 2 scrolls of fear {unknown}
 f - a scroll of butterflies {unknown}
 k - a scroll of enchant weapon {unknown}
 l - 2 scrolls of poison {unknown}
 m - 2 scrolls of teleportation {unknown}
 p - 2 scrolls of summoning {unknown}
 q - a scroll of immolation {unknown}
 t - a scroll of enchant armour {unknown}
 y - a scroll of blinking {unknown}
Potions
 c - a potion of might
 g - a potion of brilliance {unknown}
 h - 6 potions of curing
 i - a potion of haste {unknown}
 s - 3 potions of heal wounds {unknown}
 u - a potion of degeneration {unknown}
 w - a potion of flight {unknown}
 A - a potion of magic {unknown}


   Skills:
 - Level 3.2 Fighting
 + Level 3.7 Armour
 + Level 0.4 Dodging
 * Level 7.3 Shields
 * Level 6.7 Unarmed Combat


You had 6 spell levels left.
You didn't know any spells.
Your spell library contained the following spells:

 Spells                   Type           Power      Damage    Failure   Level
 Apportation              Tloc           0%         N/A       100%        1
 Magic Dart               Conj           0%         1d3       100%        1
 Necrotise                Necr           0%         1d4       100%        1
 Summon Small Mammal      Summ           0%         N/A       100%        1
 Searing Ray              Conj           0%         2d4       100%        2
 Fulminant Prism          Conj/Hex       0%         3d6       100%        4


Dungeon Overview and Level Annotations

Branches:
Dungeon (5/15) Zot: 818   Ossuary (visited)
 Temple: D:4-7

Altars:
Hepliaklqana

Shops:
D:2 ?


Innate Abilities, Weirdness & Mutations

You passively map a small area around you.
You are easily found by Zot.
You glow in the dark.
You regain HP and MP as you explore.


Message History

The ogre is lightly wounded.
The ogre hits you with a +0 giant club!
You hit the ogre but do no damage.
The ogre is lightly wounded.
You barely miss the ogre.
The ogre is lightly wounded.
The ogre hits you with a +0 giant club!
You hit the ogre.
The ogre is moderately wounded.
The ogre hits you with a +0 giant club!!
You barely miss the ogre.
The ogre is moderately wounded.
The ogre hits you with a +0 giant club!
* * * LOW HITPOINT WARNING * * *
The ogre attacks as you move away! You block the ogre's attack.
Throw: throwing net
Press: ? - help, Q - select action, (/) - cycle Shift-Dir - straight line, f - ogre
Aim: an ogre, wielding a +0 giant club (lightly wounded, 74% to hit)
You throw a throwing net. The throwing net hits the ogre.
The ogre is caught in the net!
The ogre is lightly wounded.
The ogre struggles against the net.
The ogre struggles against the net.
You hit the ogre.
The ogre is moderately wounded.
The ogre struggles against the net. x2
You hit the ogre.
The ogre is moderately wounded.
The ogre struggles against the net.
You hit the ogre.
The ogre is heavily wounded.
The ogre struggles against the net.
The net rips apart, and the ogre comes free!
You hit the ogre.
The ogre is severely wounded.
You block the ogre's attack.
You barely miss the ogre.
The ogre is severely wounded.
The ogre hits you with a +0 giant club!
You die...

#.#....#
,###.##.######.
#.#$...#
,#............. #.#
* *,#.#.##.######, ,
#.#, ,# #.##.# #.# *
* #.##.#, * #.# ,,,
..##.# ,,
#.###############.#,
,
#.............###O#
*,
#############...@.#,
* # #...# ####### ,,
###.#.# * ....#.#
#####.# #<# ###


You could see an ogre.

Vanquished Creatures
  A scorpion (D:5)
  A howler monkey (D:4)
  A centaur zombie (Ossuary)
  2 human zombies (Ossuary)
  An orc priest (D:4)
  An orc wizard (D:4)
  2 mummies (Ossuary)
  Robin (D:2)
  10 gnolls (D:4)
  4 adders
  An ufetubus (D:4)
  2 adder zombies (Ossuary)
  A worm (D:2)
  4 dart slugs
  10 orcs
  5 bats
  5 endoplasms
  A giant cockroach (D:3)
  19 goblins
  6 hobgoblins
  2 quokkas
  7 ball pythons
  3 frilled lizards
  2 goblin zombies (Ossuary)
  9 hobgoblin zombies (Ossuary)
  A jackal zombie (Ossuary)
  3 kobolds
  12 kobold zombies (Ossuary)
  6 orc zombies (Ossuary)
  6 rats
  2 rat zombies (Ossuary)
131 creatures vanquished.

Notes
Turn   | Place    | Note
-------+----------+-------------------------------------------
     0 | D:1      | UCchamp the Meteoran Fighter began the quest for the Orb.
     0 | D:1      | Reached XP level 1. HP: 19/19 MP: 2/2
   190 | D:1      | Reached XP level 2. HP: 14/26 MP: 3/3
   251 | D:1      | Reached skill level 4 in Shields
   318 | D:1      | Reached XP level 3. HP: 23/31 MP: 4/4
   406 | D:1      | Found a faded altar of an unknown god.
   480 | D:2      | Found a hazy altar of Hepliaklqana.
   581 | D:2      | Found Xidu's Magic Scroll Emporium.
   589 | D:2      | Bought a scroll of identify for 26 gold pieces
   637 | D:2      | Reached XP level 4. HP: 36/38 MP: 5/5
   643 | D:2      | Noticed Robin
   696 | D:2      | Killed Robin
   922 | D:3      | Reached skill level 5 in Shields
   949 | D:3      | Reached XP level 5. HP: 45/45 MP: 6/6
  1300 | D:4      | Found a sand-covered staircase.
  1332 | Ossuary  | Entered an ossuary
  1439 | Ossuary  | Reached skill level 5 in Unarmed Combat
  1439 | Ossuary  | Reached XP level 6. HP: 39/51 MP: 7/7
  1470 | Ossuary  | Reached skill level 6 in Shields
  1678 | D:4      | Reached XP level 7. HP: 36/57 MP: 8/8
  1933 | D:4      | Reached skill level 7 in Shields
  2143 | D:5      | Entered Level 5 of the Dungeon
  2473 | D:5      | Slain by an ogre

Illustrated notes

Levels and vault maps discovered:
D:1:      nagdon_arrival_double_spiral, layout_rooms,
          ebering_ecumenical_altar_rust, minivault_27
D:2:      layout_rooms, basic_altar, serial_shops, shop, minmay_pentomino_u2,
          uniq_robin
D:3:      layout_basic
D:4:      layout_cave_pools, enter_ossuary_5, grunt_decor_clamped,
          serial_park_tiny_2
D:5:      layout_basic, nicolae_hexahallways, uniq_crazy_yiuf_cottage

Skill      XL: |  1  2  3  4  5  6  7 |
---------------+----------------------+-----
Shields        | 4 5 6 7 |  7.3
Unarmed Combat | 3 4 5 6 |  6.7
Fighting       | |  3.2
Armour         | |  3.7
Dodging        | |  0.4

Action                   |  1- 3 |  4- 6 |  7- 9 || total
-------------------------+-------+-------+-------++-------
Melee: Unarmed           |    86 |   332 |   114 ||   532
Throw: Throwing net      |       |       |     2 ||     2
Evoke: Wand              |       |       |     2 ||     2
  Use: Potion            |       |       |     1 ||     1
Armor: Scale mail        |    34 |   232 |    30 ||   296
       Chain mail        |       |       |     9 ||     9
Dodge: Dodged            |    21 |    76 |     7 ||   104
Block: Buckler           |    19 |    26 |       ||    45
       Tower shield      |       |   322 |    82 ||   404
